 Dungeon Crawl Stone Soup version 0.27.0-1-g7a089689b8 (webtiles) character file.

Game seed: 7043080616952735930

30695 Brandom the Covert (level 13, -2/68 HPs)
             Began as a Spriggan Fire Elementalist on July 31, 2021.
             Was an Initiate of Gozag.
             Slain by a hog (6 damage)
             ... led by Kirke
             ... on level 4 of the Lair of Beasts.
             The game lasted 00:59:30 (20760 turns).

Brandom the Covert (Spriggan Fire Elementalist)    Turns: 20760, Time: 00:59:31

Health: -2/68      AC:  0    Str:  7    XL:     13   Next: 22%
Magic:  16/18      EV: 21    Int: 17    God:    Gozag
Gold:   3706       SH:  5    Dex: 15    Spells: 5/18 levels left

rFire    . . .     SeeInvis +   (weapon currently unavailable)
rCold    + . .     Faith    .   (shield currently unavailable)
rNeg     . . .     Spirit   .   (armour currently unavailable)
rPois    +         Reflect  +   (helmet currently unavailable)
rElec    .         Harm     .   (cloak currently unavailable)
rCorr    .         Rampage  .   (gloves unavailable)
Will     ++...                  (boots unavailable)
Stlth    +++++.....             v - amulet "Kubifem" {Reflect rPois rC+ SH+5 SInv}
HPRegen  0.21/turn              (ring currently unavailable)
MPRegen  0.16/turn              (ring currently unavailable)

@: pig-form, silenced (expiring), gold aura, invisible, very quick
A: fast, no casting, small, no large weapons, unfitting armour, see invisible,
(speed 3), dopey 1, (fire resistance 1)
a: Renounce Religion


You were on level 4 of the Lair of Beasts.
You worshipped Gozag.
Gozag was most pleased with you.
You were a filthy swine.
You visited 2 branches of the dungeon, and saw 14 of its levels.
You also visited: Gauntlet.

You collected 3735 gold pieces.
You paid 29 gold pieces to Gozag.

Inventory:

Hand Weapons
 c - a +0 dagger
   (You took it off a goblin on level 1 of the Dungeon)
 j - a +3 short sword of freezing
   (You took it off Robin on level 2 of the Dungeon)
 s - a +4 rapier of flaming (melded)
   (You found it on level 4 of the Dungeon)
Missiles
 o - 47 poisoned darts
 y - 4 throwing nets {!f}
Armour
 a - a +0 robe
 h - the +2 robe of Vines (melded) {NoPotionHeal Regen+++}
   (You acquired it on level 6 of the Dungeon)

   Its wearer cannot be healed by potions.
   Regen:     It increases your rate of health regeneration.
 p - a +1 hat (melded)
   (You found it on level 4 of the Dungeon)
 C - +0 acid dragon scales
   (You took it off Maggie on level 6 of the Dungeon)
 E - a +2 cloak (melded)
   (You took it off Crazy Yiuf on level 6 of the Dungeon)
Magical Staves
 b - a staff of poison
   (You found it on level 1 of the Dungeon)
Jewellery
 n - an amulet of faith {!P}
   (You found it on level 2 of the Dungeon)
 v - the amulet "Kubifem" (around neck) {Reflect rPois rC+ SH+5 SInv}
   (You found it on level 4 of the Dungeon)

   [amulet of reflection]

   It reflects blocked missile attacks.
   rC:        It protects you from cold.
   rPois:     It protects you from poison.
   SInv:      It lets you see invisible.
   SH:        It affects your SH (+5).
 z - a ring of magical power
   (You found it on level 6 of the Dungeon)
 F - a ring of wizardry (melded)
   (You found it on level 7 of the Dungeon)
 G - a ring of resist corrosion (melded)
   (You found it on level 8 of the Dungeon)
 T - a ring of protection from cold
   (You found it on level 4 of the Lair of Beasts)
Wands
 d - a wand of iceblast (19) (quivered)
   (You found it on level 5 of the Dungeon)
 t - a wand of flame (19)
   (You took it off Ijyb on level 5 of the Dungeon)
 u - a wand of paralysis (8)
   (You found it on level 10 of the Dungeon)
 x - a wand of acid (17)
   (You found it on level 10 of the Dungeon)
 S - a wand of mindburst (10)
   (You found it on level 1 of the Lair of Beasts)
Scrolls
 f - 3 scrolls of amnesia {unknown}
 g - 2 scrolls of blinking
 i - 6 scrolls of enchant weapon
 k - 7 scrolls of teleportation {@r4}
 l - 2 scrolls of holy word {unknown}
 r - a scroll of silence
 w - 2 scrolls of noise {unknown}
 D - a scroll of enchant armour {unknown}
 J - 2 scrolls of brand weapon {unknown}
 K - 2 scrolls of fear
 L - 4 scrolls of immolation {unknown}
 R - a scroll of magic mapping
 U - a scroll of torment {unknown}
Potions
 e - a potion of degeneration {!q}
 m - a potion of haste {@q3}
 q - 3 potions of curing {@q1}
 A - 2 potions of heal wounds {@q2}
 B - a potion of flight
 H - 3 potions of might
 I - 2 potions of ambrosia
 M - 2 potions of mutation {!q}
Miscellaneous
 N - a phial of floods
   (You found it on level 4 of the Dungeon)
 O - a phantom mirror
   (You found it in a Gauntlet)
 P - a condenser vane
   (You found it in a Gauntlet)


   Skills:
 + Level 8.3 Fighting
 * Level 12.7 Short Blades
 + Level 2.3 Armour
 + Level 12.6 Dodging
 + Level 14.7 Stealth
 - Level 3.0 Spellcasting
 - Level 0.6 Conjurations
 + Level 8.4 Hexes
 - Level 2.4 Fire Magic
 + Level 3.3 Air Magic
 + Level 4.8 Evocations


You had 5 spell levels left.
You knew the following spells:

 Your Spells              Type           Power      Damage    Failure   Level
a - Foxfire               Conj/Fire      28%        2x1d5     10%         1
b - Slow                  Hex            31%        N/A       1%          2
c - Confusing Touch       Hex            31%        N/A       1%          3
d - Blink                 Tloc           N/A        N/A       26%         2
f - Silence               Hex/Air        11%        N/A       41%         5

Your spell library contained the following spells:

 Spells                   Type           Power      Damage    Failure   Level
 Inner Flame              Hex/Fire       21%        N/A       5%          3
 Shock                    Conj/Air       36%        1d5       8%          1
 Dazzling Flash           Conj/Hex       36%        N/A       9%          3
 Portal Projectile        Hex/Tloc       32%        N/A       10%         3
 Beastly Appendage        Tmut           4%         N/A       17%         1
 Sublimation of Blood     Necr           1%         N/A       26%         2
 Wereblood                Tmut           2%         N/A       26%         2
 Conjure Flame            Conj/Fire      7%         6-21      28%         3
 Lesser Beckoning         Tloc           1%         N/A       45%         3
 Spider Form              Tmut/Pois      1%         N/A       45%         3
 Vampiric Draining        Necr           1%         2d6       45%         3
 Sticky Flame             Conj/Fire      7%         2d3       67%         4
 Iskenderun's Mystic Bla  Conj/Tloc      3%         2d3       83%         4
 Petrify                  Tmut/Erth      2%         N/A       86%         4
 Fireball                 Conj/Fire      3%         3d4       95%         5
 Agony                    Necr           2%         N/A       99%         5
 Irradiate                Conj/Tmut      1%         3d13      99%         5
 Manifold Assault         Tloc           2%         N/A       99%         5
 Summon Forest            Summ/Tloc      1%         N/A       99%         5
 Eringya's Noxious Bog    Tmut/Pois      1%         N/A       100%        6
 Summon Hydra             Summ           1%         N/A       100%        7
 Infestation              Necr           1%         N/A       100%        8


Dungeon Overview and Level Annotations

Branches:
Dungeon (10/15)            Temple (0/1) D:6            Lair (4/6) D:10
  Swamp (0/4) Lair:3       Spider (0/4) Lair:3          Orc (0/2) D:10
Gauntlet (visited)

Altars:
Ashenzari
Cheibriados
Dithmenos
Elyvilon
Gozag
Hepliaklqana
Kikubaaqudgha
Ru
Sif Muna
Trog
Uskayaw
Xom
Zin

Annotations:
D:4 2 runed translucent doors
Lair:4 3 runed translucent doors, Kirke


Innate Abilities, Weirdness & Mutations

You are a filthy swine.
You move quickly.
Your equipment is almost entirely melded.
You are incapable of wielding weapons or throwing items.
You cannot cast spells.
You are very small and have problems with some larger weapons.
You are too small for most types of armour.
You have supernaturally acute eyesight. (SInv)
((You cover ground extremely quickly. (Speed+++)))
You are dopey. (Int -2)
((Your flesh is heat resistant. (rF+)))


Message History

The hog completely misses you. The hog bites you but does no damage.
You hit Kirke. You burn Kirke. Kirke hits you!
You barely miss Kirke. The hog misses you. The hog bites you!
The hog closely misses you. Kirke barely misses you.
The hog closely misses you. You block the hog's attack.
Found a stone staircase leading up.
You hit the hog. You burn the hog. The hog closely misses you.
You hit the hog. You burn the hog.
The hog bites the plant.
The plant begins to die.
The hog bites the plant!
You hit the hog. You burn the hog. The hog bites you but does no damage.
The hog bites the plant.
The hog bites the plant!
You hit the hog. You burn the hog. The hog closely misses you.
You hit the hog. You burn the hog.
The hog bites the plant!
The hog completely misses the plant.
You puncture the hog! You burn the hog. You block the hog's attack.
The hog bites the plant.
The hog bites the plant!
You hit the hog but do no damage. The hog barely misses you.
The hog bites the plant.
You hit the hog. You burn the hog.
The hog bites the plant.
The hog bites you but does no damage.
The hog bites the plant!
You hit the hog. You burn the hog.
You kill the hog!
Kirke hits you!
You hit Kirke. You burn Kirke.
A nearby plant withers and dies.
You hit Kirke. You burn Kirke. Kirke gestures at you while chanting.
You turn into a filthy swine.
Your +4 rapier of flaming melds into your body.
Your +2 cloak melds into your body.
Your +1 hat melds into your body.
The +2 robe of Vines {NoPotionHeal Regen+++} melds into your body.
Your ring of resist corrosion melds into your body.
Your ring of wizardry melds into your body.
Your +4 rapier of flaming stops flaming.
The vines fall away from your body! The hog bites you.
The hog is distracted by your dazzling golden aura.
You hit Kirke. The hog completely misses you. Kirke hits you!
You hit Kirke.
The hog is no longer distracted by gold.
The hog closely misses you. The hog bites you.
Kirke gestures at you while chanting.
You easily resist.
You barely miss Kirke. The hog bites you! x2
* * * LOW HITPOINT WARNING * * *
You fade into invisibility!
Kirke hits you!!
* * * LOW HITPOINT WARNING * * *
The hog misses you. The hog bites you.
You die...
Your body crumbles into a pile of gold.

..<.... .....#.
...................
...................
..................#
................P.
..............P..
#@##.............
#hh.............#
##h.............#
#..##.............#
............P.#...#
.............P#...#
.............P.....##
....................#
...................##
###+++######........#


You could see Kirke and 2 hogs.

Vanquished Creatures
  A cacodemon (Gauntlet)
  A minotaur (Gauntlet)
  The ghost of raph the Frost Mage, a journeyman MfIE of Vehumet (Lair:3)
  4 hydras
  3 two-headed ogres
  3 death yaks (D:9)
  3 bog bodies (Lair:3)
  A wizard (Gauntlet)
  2 oklob plants (Lair:4)
  A worldbinder (Gauntlet)
  4 elephants (Lair:2)
  5 cane toads
  An unseen horror (D:10)
  4 rime drakes
  Maggie (D:6)
  2 minotaur zombies (Gauntlet)
  5 komodo dragons
  A polar bear (Lair:3)
  A jumping spider (Lair:3)
  A hornet (D:8)
  Prince Ribbit (D:6)
  3 blink frogs (Lair:2)
  4 dream sheep (Lair:2)
  Sigmund (D:3)
  A wyvern (D:9)
  16 yaks
  A hog (Lair:4)
  A basilisk (Lair:3)
  A steam dragon (D:8)
  2 neqoxecs (Gauntlet)
  An acid dragon (D:10)
  A two-headed ogre zombie (D:10)
  A swamp worm (Lair:3)
  A floating eye (Lair:4)
  An orc warrior (D:7)
  4 water moccasins
  An ice beast (D:5)
  3 wolves (Lair:1)
  3 black bears
  2 boggarts (Gauntlet)
  2 ogres
  A hornet zombie (D:9)
  2 centaurs
  4 phantoms
  3 kobold brigands
  10 bullfrogs
  A wyvern zombie (D:5)
  2 gnoll sergeants
  3 scorpions
  2 water moccasin zombies
  2 water moccasin skeletons
  3 troll zombies (D:10)
  6 wights
  4 electric eels
  10 howler monkeys
  3 centaur zombies
  A centaur skeleton (D:4)
  6 hounds
  2 jellies
  A gnoll shaman (D:3)
  4 orc priests
  Crazy Yiuf (D:6)
  Ijyb (D:5)
  Terence (D:3)
  Natasha (thrice) (D:2)
  3 iguanas
  6 orc wizards
  4 hell rats
  A killer bee zombie (D:6)
  4 ogre zombies (D:10)
  A hound zombie (D:5)
  Robin (D:2)
  3 howler monkey zombies (D:9)
  34 gnolls
  8 adders
  A river rat (D:10)
  2 shadow imps (Gauntlet)
  4 white imps
  2 ufetubi
  3 worms
  4 dart slugs
  34 orcs
  5 bats
  3 bat zombies (D:9)
  7 endoplasms
  2 giant cockroaches (D:4)
  18 goblins
  3 hobgoblins
  28 jackals
  13 kobolds
  2 quokkas
  8 ball pythons
  3 frilled lizards (D:1)
  2 goblin skeletons (D:10)
  3 hobgoblin zombies (D:10)
  5 orc skeletons (D:10)
  15 orc zombies (D:10)
  9 rats
  A rat zombie (D:9)
414 creatures vanquished.

Vanquished Creatures (others)
  A quokka (D:6)
  A kobold (D:10)
  A demonic plant (Gauntlet)
  577 foxfires
  6 fungi
  10 plants
596 creatures vanquished.

Grand Total: 1010 creatures vanquished

Notes
Turn   | Place    | Note
-------+----------+-------------------------------------------
     0 | D:1      | Brandom the Spriggan Fire Elementalist began the quest for
                  | the Orb.
     0 | D:1      | Reached XP level 1. HP: 9/9 MP: 5/5
   112 | D:1      | Reached XP level 2. HP: 10/14 MP: 0/6
   495 | D:1      | Reached skill level 1 in Fighting
   875 | D:1      | Reached skill level 4 in Stealth
   975 | D:1      | Reached XP level 3. HP: 18/18 MP: 5/8
  2183 | D:2      | Reached XP level 4. HP: 15/22 MP: 1/9
  2438 | D:2      | Found an opulent altar of Gozag.
  2447 | D:2      | Became a worshipper of Gozag Ym Sagoz the Greedy
  2762 | D:3      | Noticed Robin
  2788 | D:2      | Killed Robin
  3100 | D:3      | Reached skill level 5 in Stealth
  3462 | D:3      | Found a shimmering blue altar of Sif Muna.
  3467 | D:3      | Noticed Terence
  3470 | D:3      | Found a bloodstained altar of Trog.
  3479 | D:3      | Killed Terence
  3480 | D:3      | Reached XP level 5. HP: 18/26 MP: 3/10
  3696 | D:3      | Got Sif Muna's Tome of Battle Magic
  4005 | D:3      | Noticed Natasha
  4679 | D:2      | Killed Natasha
  4708 | D:2      | Noticed Natasha
  4716 | D:2      | Killed Natasha
  4944 | D:2      | Noticed Natasha
  4950 | D:2      | Killed Natasha
  4951 | D:2      | Reached skill level 5 in Dodging
  4951 | D:2      | Reached skill level 6 in Stealth
  5111 | D:2      | Found an opulent altar of Gozag.
  5268 | D:2      | Reached XP level 6. HP: 22/32 MP: 0/11
  6643 | D:3      | Reached skill level 7 in Stealth
  7063 | D:3      | HP: 1/32 [orc priest/divine providence (9)]
  7066 | D:3      | Reached XP level 7. HP: 1/36 MP: 6/12
  7578 | D:3      | Noticed Sigmund
  7714 | D:3      | Killed Sigmund
  7715 | D:3      | Reached skill level 8 in Stealth
  8747 | D:3      | Reached skill level 1 in Short Blades
  9668 | D:3      | Found a bloodstained altar of Trog.
  9680 | D:3      | Found a shimmering blue altar of Sif Muna.
 10192 | D:4      | Found a large runed translucent door.
 10361 | D:4      | Reached XP level 8. HP: 42/42 MP: 2/13
 10697 | D:4      | Found a large runed translucent door.
 10709 | D:4      | Found a large runed translucent door.
 10709 | D:4      | Found a large runed translucent door.
 10749 | D:4      | Identified the amulet "Kubifem" {Reflect rPois rC+ SH+5
                  | SInv}
 10848 | D:4      | Reached skill level 9 in Stealth
 11331 | D:5      | Entered Level 5 of the Dungeon
 12124 | D:5      | Reached skill level 5 in Short Blades
 12129 | D:5      | Reached skill level 10 in Stealth
 12132 | D:5      | Reached XP level 9. HP: 29/46 MP: 4/14
 12386 | D:5      | Noticed Ijyb
 12391 | D:5      | Killed Ijyb
 12392 | D:5      | Reached skill level 5 in Fighting
 12415 | D:5      | Found a snail-covered altar of Cheibriados.
 12616 | D:5      | Found an opulent altar of Gozag.
 12835 | D:6      | Identified a scroll of acquirement
 12836 | D:6      | Acquired the +2 robe of Vines {NoPotionHeal Regen+++}
 12837 | D:6      | Found the +2 robe of Vines {NoPotionHeal Regen+++}
 13109 | D:6      | Found a white marble altar of Elyvilon.
 13128 | D:6      | Noticed Prince Ribbit
 13160 | D:6      | Killed Prince Ribbit
 13177 | D:6      | Found a broken altar of Ashenzari.
 13189 | D:6      | Noticed Maggie
 13196 | D:6      | Killed Maggie
 13302 | D:6      | Found a broken altar of Ashenzari.
 13495 | D:6      | Found a runed translucent door.
 13496 | D:6      | Noticed Crazy Yiuf
 13505 | D:6      | Killed Crazy Yiuf
 13607 | D:6      | Found a staircase to the Ecumenical Temple.
 14005 | D:7      | Learned a level 2 spell: Slow
 14009 | D:7      | Learned a level 3 spell: Confusing Touch
 14056 | D:7      | Reached skill level 11 in Stealth
 14163 | D:7      | Reached skill level 1 in Hexes
 14274 | D:7      | Found a shimmering altar of Xom.
 14284 | D:7      | Found a glowing silver altar of Zin.
 14284 | D:7      | Noticed an angel
 14662 | D:8      | Reached XP level 10. HP: 50/53 MP: 15/15
 15255 | D:8      | Found a hide-covered altar of Uskayaw.
 15502 | D:9      | Reached skill level 10 in Dodging
 15661 | D:9      | Noticed a two-headed ogre
 15676 | D:9      | Killed a two-headed ogre
 15677 | D:9      | Reached skill level 12 in Stealth
 15737 | D:9      | Found a sacrificial altar of Ru.
 15835 | D:9      | Found an ancient bone altar of Kikubaaqudgha.
 15897 | D:9      | Found a hazy altar of Hepliaklqana.
 15999 | D:10     | Entered Level 10 of the Dungeon
 16007 | D:10     | Found a staircase to the Lair.
 16007 | D:10     | Noticed a death yak
 16009 | D:10     | Noticed a death yak
 16009 | D:10     | Noticed a death yak
 16090 | D:9      | Killed a death yak
 16151 | D:9      | Killed a death yak
 16350 | D:9      | Killed a death yak
 16351 | D:9      | Reached XP level 11. HP: 55/58 MP: 16/16
 16363 | D:10     | Noticed a two-headed ogre
 16434 | D:9      | Killed a two-headed ogre
 16435 | D:9      | Reached skill level 5 in Hexes
 16479 | D:10     | Reached skill level 10 in Short Blades
 16710 | D:10     | Found a shadowy altar of Dithmenos.
 16760 | D:10     | Noticed a two-headed ogre
 16762 | D:10     | Killed a two-headed ogre
 16848 | D:10     | Reached skill level 13 in Stealth
 16879 | D:10     | Found a staircase to the Orcish Mines.
 17297 | Lair:1   | Entered Level 1 of the Lair of Beasts
 17318 | Lair:1   | Found a gate leading to a gauntlet.
 17393 | Gauntlet | Entered a Gauntlet
 17393 | Gauntlet | Found a transporter.
 17393 | Gauntlet | Found a transporter.
 17393 | Gauntlet | Found a transporter.
 17394 | Gauntlet | Found a transporter.
 17394 | Gauntlet | Noticed a wizard
 17395 | Gauntlet | Found a transporter.
 17398 | Gauntlet | Found a transporter.
 17405 | Gauntlet | Found a transporter.
 17407 | Gauntlet | Found a transporter.
 17409 | Gauntlet | Found a transporter.
 17409 | Gauntlet | Found a transporter.
 17415 | Gauntlet | Noticed a cacodemon
 17417 | Gauntlet | Found a transporter.
 17417 | Gauntlet | Found a transporter.
 17615 | Gauntlet | Killed a wizard
 17667 | Gauntlet | Noticed a mana viper
 17707 | Gauntlet | Gained mutation: Your spells are a little easier to cast,
                  | but a little less powerful. [a neqoxec]
 17719 | Gauntlet | Identified the -4 helmet "Kostrouja" {rPois rF- Slay+3}
 17776 | Gauntlet | Killed a cacodemon
 17815 | Gauntlet | Lost mutation: Your spells are a little easier to cast, but
                  | a little less powerful. [potion of mutation]
 17815 | Gauntlet | Gained mutation: You are dopey. (Int -2) [potion of
                  | mutation]
 17815 | Gauntlet | Gained mutation: Your flesh is heat resistant. (rF+)
                  | [potion of mutation]
 17818 | Gauntlet | Noticed a minotaur
 17837 | Gauntlet | Killed a minotaur
 17838 | Gauntlet | Reached XP level 12. HP: 62/63 MP: 17/17
 17849 | Gauntlet | Got the Collected Works on Dislocated Unholy Rites
 17938 | Gauntlet | Learned a level 2 spell: Blink
 17944 | Gauntlet | Learned a level 5 spell: Silence
 17982 | Lair:1   | You fall into a shaft and drop 1 floor!
 18043 | Lair:1   | Noticed a seven-headed hydra
 18053 | Lair:1   | Noticed an eight-headed hydra
 18144 | Lair:1   | Killed a seven-headed hydra
 18163 | Lair:1   | Killed an eight-headed hydra
 18227 | Lair:1   | Reached skill level 1 in Air Magic
 18227 | Lair:1   | Reached skill level 1 in Evocations
 18251 | Lair:1   | Reached skill level 14 in Stealth
 18296 | Lair:1   | Noticed a six-headed hydra
 18354 | Lair:1   | Killed a six-headed hydra
 18878 | Lair:2   | Reached skill level 1 in Armour
 19666 | Lair:3   | Found a staircase to the Swamp.
 19835 | Lair:3   | Noticed a seven-headed hydra
 19850 | Lair:3   | Killed a seven-headed hydra
 19859 | Lair:3   | Reached XP level 13. HP: 32/68 MP: 18/18
 19997 | Lair:3   | Found a runed translucent door.
 20000 | Lair:3   | Noticed raph's ghost (journeyman MfIE)
 20008 | Lair:3   | Killed raph's ghost
 20189 | Lair:3   | Found a hole to the Spider Nest.
 20521 | Lair:4   | Paralysed by a floating eye for 3 turns
 20529 | Lair:4   | Paralysed by a floating eye for 4 turns
 20726 | Lair:4   | Found a runed translucent gate.
 20727 | Lair:4   | Found a runed translucent gate.
 20728 | Lair:4   | Noticed Kirke
 20732 | Lair:4   | Found a runed translucent gate.
 20760 | Lair:4   | Slain by a hog

Illustrated notes

Levels and vault maps discovered:
D:1:      sevenhm_arrival_forest_fort_small_5, layout_basic
D:2:      layout_loops_ring, basic_altar
D:3:      lemuel_castle_with_subvaults [lemuel_castle_interior_carwin_1],
          layout_basic, nzn_overflow_gifts_of_might_and_magic, uniq_natasha,
          uniq_sigmund, uniq_robin
D:4:      layout_rooms, minmay_hollow_rounded_squares
D:5:      layout_cave_pools, mainiacjoe_overflow_alcove_1,
          mainiacjoe_overflow_cross_hatched, uniq_ijyb
D:6:      layout_basic, elyvilon_altar_4, grunt_ashenzari_visionary
          [grunt_ashenzari_visionary_swamp, grunt_ashenzari_visionary_spider],
          temple_doors_e, minmay_door_square, kennysheep_flooded_box,
          uniq_maggie, uniq_crazy_yiuf_cottage, uniq_prince_ribbit1
D:7:      layout_gridville, grunt_temple_overflow_order_and_chaos_1
D:8:      layout_cave_pods, kennysheep_mini
D:9:      layout_rooms, lemuel_zombie_altar_kikubaaqudgha,
          mainiacjoe_overflow_swirl
D:10:     layout_rooms, nicolae_dithmenos_the_darkroom, dpeg_lair_monsters,
          zombieorc2_lemuel
Lair:1:   layout_chaotic_city, gauntlet_entry_generic, serial_bayou_shore_b
Lair:2:   layout_gridlike, nicolae_quartered_pool_super, minivault_19
Lair:3:   layout_roguey, nicolae_swamp_entry_splash_gauntlet,
          spider_nest_entry_rubble, ebering_ghost_reflecting_pool,
          serial_bayou_shore_b
Lair:4:   layout_small_grid, gammafunk_ghost_cemetery, minmay_holes,
          disabler_island, lemuel_fruit_fields, uniq_kirke

Skill      XL: |  1  2  3  4  5  6  7  8  9 10 11 12 13 |
---------------+----------------------------------------+-----
Dodging        | 3 4 5 6 7 8 9 10 11 12 | 12.6
Fighting       | 1 2 3 4 5 6 7 8 |  8.3
Stealth        | 4 5 6 7 8 10 11 12 13 14 | 14.7
Short Blades   | 2 5 7 9 11 12 | 12.7
Hexes          | 2 4 6 8 |  8.4
Spellcasting   | 3 |  3.0
Air Magic      | 2 3 |  3.3
Evocations     | 4 |  4.8
Armour         | 2 |  2.3
Conjurations   | |  0.6
Fire Magic     | |  2.4

Action                   |  1- 3 |  4- 6 |  7- 9 | 10-12 | 13-15 || total
-------------------------+-------+-------+-------+-------+-------++-------
Melee: Dagger            |   131 |     8 |       |       |       ||   139
       Short sword       |       |    91 |    41 |       |       ||   132
       Rapier            |       |       |   259 |  1072 |   205 ||  1536
       Unarmed           |       |       |       |       |     3 ||     3
Throw: Dart              |       |     2 |       |     5 |       ||     7
       Throwing net      |       |     1 |       |     5 |       ||     6
 Cast: Foxfire           |    36 |   125 |   166 |       |       ||   327
       Silence           |       |       |       |       |     1 ||     1
Evoke: Wand              |       |       |       |    16 |       ||    16
  Use: Potion            |     2 |     3 |       |     2 |     1 ||     8
       Scroll            |       |       |     8 |     5 |     1 ||    14
 Stab: Sleeping          |     7 |     4 |    22 |    16 |     3 ||    52
       Distracted        |       |     1 |     3 |    13 |     3 ||    20
       Held in net/web   |       |     1 |       |     5 |       ||     6
Armor: Robe              |    17 |    12 |    38 |    78 |     9 ||   154
Dodge: Dodged            |   140 |   138 |   323 |   647 |    56 ||  1304
Block: Other             |       |       |    60 |   141 |    13 ||   214
       Reflection        |       |       |       |     2 |       ||     2
